 Dungeon Crawl Stone Soup version 0.30.0-5-g1a98f26d00 (webtiles) character file.

Game seed: 14056915453206966

24808 benadryl the Party-goer (level 12, -9/126 HPs)
             Began as a Troll Fighter on May 10, 2023.
             Was a Priest of Uskayaw.
             Mangled by an eight-headed hydra (12 damage)
             ... on level 3 of the Lair of Beasts.
             The game lasted 00:21:24 (14114 turns).

benadryl the Party-goer (Troll Fighter)            Turns: 14114, Time: 00:21:25

Health: -9/126     AC: 15    Str: 31    XL:     12   Next: 83%
Magic:  18/18      EV:  9    Int:  8    God:    Uskayaw [***...]
Gold:   907        SH: 11    Dex:  9    Spells: 11/11 levels left

rFire   . .          .
                       - Unarmed
rCold   . . .        G - +1 kite shield "Rukh" {Int+4}
rNeg    + . .        E - +0 acid dragon scales
rPois   .            (helmet restricted)
rElec   .            x - +1 cloak
rCorr   +            (gloves unavailable)
SInv    .            (boots unavailable)
Will    .....        c - amulet of the acrobat
Stlth   +            d - ring of positive energy
HPRegen 1.21/turn    l - +4 ring of protection
MPRegen 0.16/turn

%: acrobat
@: invisible
A: large, unfitting armour, claws 3, regeneration 1, shaggy fur 1, tough skin 1
a: Renounce Religion, Stomp, Line Pass


You were on level 3 of the Lair of Beasts.
You worshipped Uskayaw.
Uskayaw was aware of your devotion.
You visited 2 branches of the dungeon, and saw 14 of its levels.

You collected 907 gold pieces.

Inventory:

Hand Weapons
 a - a +1 demon whip of venom
 t - a +1 demon trident
Missiles
 b - 5 curare-tipped darts
Armour
 x - a +1 cloak (worn)
 z - +0 steam dragon scales
 E - +0 acid dragon scales (worn)
 G - the +1 kite shield "Rukh" (worn) {Int+4}
   (You acquired it on level 11 of the Dungeon)

   Int:       It affects your intelligence (+4).
Jewellery
 c - an amulet of the acrobat (around neck)
 d - a ring of positive energy (left claw)
 l - a +4 ring of protection (right claw)
 C - a ring of wizardry
 F - an amulet of reflection
 I - the ring "Enetzyso" {Fly rCorr SInv}
   (You found it on level 10 of the Dungeon)

   [ring of resist corrosion]

   SInv:      It lets you see invisible.
   Fly:       It grants you flight.
   rCorr:     It protects you from acid and corrosion.
Wands
 p - a wand of digging (2)
 u - a wand of flame (18)
 v - a wand of paralysis (16)
 D - a wand of quicksilver (10)
 H - a wand of roots (8)
 L - a wand of polymorph (5)
Scrolls
 e - 5 scrolls of blinking
 h - 13 scrolls of teleportation
 i - 7 scrolls of enchant armour
 q - a scroll of summoning
 s - 2 scrolls of poison
 w - a scroll of vulnerability
 y - a scroll of amnesia
 K - a scroll of immolation
 M - a scroll of fear
 N - a scroll of silence {unknown}
 O - a scroll of brand weapon {unknown}
Potions
 f - 6 potions of curing {@q1}
 g - 2 potions of heal wounds
 j - 2 potions of lignification
 k - 2 potions of haste {unknown}
 m - 3 potions of brilliance {unknown}
 n - 2 potions of mutation
 o - 4 potions of flight
 r - 3 potions of attraction
 A - a potion of experience {unknown}
 B - 12 potions of ambrosia
 J - a potion of cancellation {unknown}
 P - a potion of might


   Skills:
 - Level 10.0 Fighting
 * Level 7.1 Maces & Flails
 - Level 3.2 Armour
 - Level 2.4 Dodging
 - Level 10.0 Shields
 - Level 7.7 Unarmed Combat
 - Level 10.0 Invocations


You had 11 spell levels left.
You didn't know any spells.
Your spell library contained the following spells:

 Spells                   Type           Power      Damage    Failure   Level
 Shock                    Conj/Air       0%         1d3       63%         1
 Blink                    Tloc           0%         N/A       77%         2
 Lesser Beckoning         Tloc           0%         N/A       77%         2
 Momentum Strike          Conj/Tloc      0%         3d8       77%         2
 Static Discharge         Conj/Air       0%         2-2/arc   77%         2
 Sublimation of Blood     Necr           0%         N/A       77%         2
 Ozocubu's Armour         Ice            0%         N/A       94%         3
 Swiftness                Air            0%         N/A       94%         3
 Airstrike                Air            0%         2d(0-16)  100%        4
 Petrify                  Tmut/Erth      0%         N/A       100%        4
 Summon Lightning Spire   Summ/Air       0%         N/A       100%        4
 Irradiate                Conj/Tmut      0%         3d11      100%        5
 Metabolic Englaciation   Hex/Ice        0%         N/A       100%        5
 Summon Mana Viper        Hex/Summ       0%         N/A       100%        5
 Simulacrum               Ice/Necr       0%         N/A       100%        6


Dungeon Overview and Level Annotations

Branches:
Dungeon (11/15)            Temple (0/1) D:5            Lair (3/5) D:11
 Spider (0/4) Lair:2          Orc (0/2) D:10
  Swamp: Lair:2-3    Shoals: Lair:2-3

Altars:
Ashenzari
Dithmenos
Elyvilon
Fedhas
Gozag
Makhleb
Okawaru
Ru
Uskayaw
Vehumet
Xom
Yredelemnul
Zin
The Shining One

Shops:
D:9 :

Annotations:
D:7 3 runed translucent doors, GnoME's ghost, novice TrTm
Lair:1 2 runed translucent doors, dialectric's ghost, journeyman GrBr


Innate Abilities, Weirdness & Mutations

You are too large for most types of armour.
You have claws for hands.
Your natural rate of healing is unusually fast.
You are covered in fur. (AC +1)
You have tough skin. (AC +1)


Message History

The seven-headed hydra bites you.
The seven-headed hydra barely misses you.
The seven-headed hydra bites you!
* * * LOW HITPOINT WARNING * * *
The seven-headed hydra barely misses you.
You block the seven-headed hydra's attack.
You fade into invisibility!
You block the wolf's attack. The wolf bites you but does no damage.
The wolf bites you.
* * * LOW HITPOINT WARNING * * *
The seven-headed hydra bites you but does no damage. x2
The seven-headed hydra bites you.
* * * LOW HITPOINT WARNING * * *
The seven-headed hydra bites you!
* * * LOW HITPOINT WARNING * * *
You block the seven-headed hydra's attack.
The seven-headed hydra bites you but does no damage.
The seven-headed hydra misses you. You block the wolf's attack.
You whack the seven-headed hydra!
The seven-headed hydra looks as sick as possible!
The seven-headed hydra is heavily wounded.
The wolf bites you but does no damage. x2
Uskayaw will force your foes to helplessly watch your dance.
Uskayaw prepares the audience for your solo!
Your +1 demon whip of venom stops dripping with poison.
You are now empty-clawed.
The helpless seven-headed hydra fails to defend itself.
You claw one of the seven-headed hydra's heads off!
The six-headed hydra grows two more!
You claw the eight-headed hydra!
The eight-headed hydra is heavily wounded.
The eight-headed hydra is no longer paralysed.
The eight-headed hydra closely misses you.
The eight-headed hydra misses you. The eight-headed hydra bites you!
* * * LOW HITPOINT WARNING * * *
The eight-headed hydra bites you.
* * * LOW HITPOINT WARNING * * *
The eight-headed hydra bites you.
* * * LOW HITPOINT WARNING * * *
The eight-headed hydra bites you!
You die...

#......##
##.....###
#......#.#
#.......##
#P.....#.#
##.....###
#P......#
##......#
#...h@##
#...hD#
#.......
##.....##
#......#
#P.....#
#......#
.......#


You could see an eight-headed hydra (unable to see you, extremely poisoned) and
2 wolves.

Vanquished Creatures
  A two-headed ogre (D:11)
  Sonja (D:11)
  A skyshark (Lair:2)
  Amaemon (Lair:1)
  3 manticores (D:11)
  A torpor snail (Lair:1)
  Joseph (D:9)
  A merfolk siren (Lair:3)
  An orange demon (Lair:1)
  4 cane toads
  An unseen horror (D:11)
  2 komodo dragons
  3 rime drakes
  3 trolls
  A queen bee (Lair:1)
  3 polar bears
  A hornet (D:9)
  2 jumping spiders (Lair:2)
  3 shadows
  3 vampires
  2 culicivoras (Lair:2)
  5 wyverns
  2 wraiths (D:10)
  30 yaks
  2 basilisks
  A steam dragon (D:7)
  5 redbacks (Lair:2)
  2 vampire mosquitoes (D:10)
  An acid dragon (D:8)
  4 water moccasins
  5 orc warriors
  2 black bears
  5 ice beasts (D:11)
  2 ogres (D:5)
  9 centaurs
  14 wolves
  2 phantoms
  3 kobold brigands
  9 bullfrogs
  3 scorpions
  8 wights
  25 killer bees
  An electric eel (Lair:2)
  7 howler monkeys
  6 hounds
  4 orc priests
  Crazy Yiuf (D:6)
  4 iguanas
  3 gnoll boudas
  2 sleepcaps
  10 orc wizards
  16 gnolls
  12 adders
  A white imp (D:6)
  An ufetubus (D:6)
  2 adder zombies (D:4)
  A dart slug (D:4)
  46 orcs
  8 bats
  13 endoplasms
  4 giant cockroaches
  7 hobgoblins
  19 kobolds
  5 quokkas
  6 ball pythons
  4 frilled lizards
  14 goblins
  3 rats
378 creatures vanquished.

Vanquished Creatures (others)
  2 kobolds (D:7)
2 creatures vanquished.

Grand Total: 380 creatures vanquished

Notes
Turn   | Place    | Note
-------+----------+-------------------------------------------
     0 | D:1      | benadryl the Troll Fighter began the quest for the Orb.
     0 | D:1      | Reached XP level 1. HP: 22/22 MP: 0/0
    51 | D:1      | Reached XP level 2. HP: 29/29 MP: 1/1
   678 | D:2      | Reached XP level 3. HP: 22/36 MP: 2/2
   878 | D:2      | Reached XP level 4. HP: 44/44 MP: 3/3
   948 | D:2      | Found a shimmering altar of Xom.
  1093 | D:2      | Reached skill level 5 in Unarmed Combat
  1390 | D:3      | Reached XP level 5. HP: 39/50 MP: 4/4
  2404 | D:4      | Reached XP level 6. HP: 58/59 MP: 5/5
  2577 | D:4      | Got Cifusiv's Handbook of the Galvanic Gathering
  2771 | D:4      | Found a broken altar of Ashenzari.
  2914 | D:4      | Found a burning altar of Makhleb.
  3211 | D:4      | Reached XP level 7. HP: 60/66 MP: 6/6
  3232 | D:4      | Found a hide-covered altar of Uskayaw.
  3433 | D:4      | Became a worshipper of Uskayaw the Reveller
  3496 | D:4      | Found a basalt altar of Yredelemnul.
  3592 | D:5      | Entered Level 5 of the Dungeon
  3595 | D:4      | Reached * piety under Uskayaw
  3598 | D:4      | Reached ** piety under Uskayaw
  3616 | D:5      | Reached *** piety under Uskayaw
  3620 | D:5      | Reached **** piety under Uskayaw
  3707 | D:5      | Found a glowing golden altar of the Shining One.
  3847 | D:5      | Reached skill level 5 in Invocations
  3847 | D:5      | Reached XP level 8. HP: 47/74 MP: 10/10
  3975 | D:5      | Found a staircase to the Ecumenical Temple.
  4084 | D:5      | Found a sacrificial altar of Ru.
  4367 | D:6      | Found a white marble altar of Elyvilon.
  4387 | D:6      | Found a runed translucent door.
  4388 | D:6      | Noticed Crazy Yiuf
  4515 | D:6      | Killed Crazy Yiuf
  5039 | D:6      | Reached XP level 9. HP: 64/80 MP: 14/14
  5169 | D:7      | Found a runed translucent gate.
  5169 | D:7      | Found a runed translucent gate.
  5169 | D:7      | Found a runed translucent gate.
  5169 | D:7      | Noticed GnoME's ghost (novice TrTm)
  5989 | D:7      | Reached skill level 10 in Invocations
  6067 | D:7      | Found an opulent altar of Gozag.
  6067 | D:7      | Found a glowing silver altar of Zin.
  6267 | D:8      | Reached ***** piety under Uskayaw
  6270 | D:8      | Reached skill level 5 in Fighting
  6284 | D:8      | Reached XP level 10. HP: 83/96 MP: 16/16
  6525 | D:8      | Found a blossoming altar of Fedhas.
  6793 | D:9      | Found Xushaherch's Tiny Tomes.
  7403 | D:9      | Noticed Joseph
  7414 | D:9      | Killed Joseph
  7501 | D:9      | Found an iron altar of Okawaru.
  7596 | D:9      | Paralysed by a hornet for 1 turns
  7638 | D:10     | Entered Level 10 of the Dungeon
  7638 | D:10     | Found a radiant altar of Vehumet.
  7848 | D:10     | Reached XP level 11. HP: 99/115 MP: 17/17
  8032 | D:10     | Found a staircase to the Orcish Mines.
  8063 | D:10     | Reached skill level 10 in Fighting
  8098 | D:10     | Reached skill level 1 in Armour
  8192 | D:10     | Found a shadowy altar of Dithmenos.
  8193 | D:10     | Found a shimmering altar of Xom.
  8201 | D:10     | Identified the ring "Enetzyso" {Fly rCorr SInv}
  9036 | D:11     | Identified a scroll of acquirement
  9036 | D:11     | Acquired the +1 kite shield "Rukh" {Int+4}
  9285 | D:11     | Noticed a two-headed ogre
  9293 | D:11     | Killed a two-headed ogre
  9684 | D:11     | Found a staircase to the Lair.
  9736 | D:11     | Reached skill level 5 in Shields
 10332 | Lair:1   | Entered Level 1 of the Lair of Beasts
 10587 | Lair:1   | Reached XP level 12. HP: 27/126 MP: 0/18
 10727 | Lair:1   | Noticed Amaemon
 10756 | Lair:1   | Killed Amaemon
 10945 | Lair:1   | Noticed Sonja
 11168 | D:11     | Killed Sonja
 11723 | Lair:1   | Reached skill level 10 in Shields
 11751 | Lair:1   | Reached skill level 1 in Maces & Flails
 11928 | Lair:1   | Found a large runed translucent door.
 11928 | Lair:1   | Found a large runed translucent door.
 11929 | Lair:1   | Noticed dialectric's ghost (journeyman GrBr)
 12528 | Lair:2   | Found a hole to the Spider Nest.
 12777 | Lair:2   | Reached skill level 5 in Maces & Flails
 14095 | Lair:3   | Noticed a six-headed hydra
 14114 | Lair:3   | HP: 6/126 [eight-headed hydra (5)]
 14114 | Lair:3   | Mangled by an eight-headed hydra

Illustrated notes

Levels and vault maps discovered:
D:1:      scummos_arrival_simple_crosswalls, layout_basic, minmay_pentomino_o2
D:2:      layout_loops_ring, basic_altar
D:3:      layout_loops_corners
D:4:      layout_cave_pods, kennysheep_little_box,
          lemuel_zombie_altar_yredelemnul, lemuel_round_altar,
          general_overflow_altar, minmay_misc_feat_iff,
          hangedman_abyss_or_decor_slice, minmay_starry_boxes
D:5:      layout_basic, nicolae_ru_the_path_less_chosen, tso_metal_star,
          minmay_temple_entry_nine_rooms, minivault_14
D:6:      layout_gridville, nicolae_elyvilon_peaceful_grove,
          uniq_crazy_yiuf_cottage
D:7:      layout_loops_ring, grunt_temple_overflow_gold_and_silver,
          ebering_ghost_rock_garden, serial_bayou_lagoon_a, grunt_ministairs_14
D:8:      layout_rooms, old_standard_altar, minmay_misc_feat_hallway
D:9:      layout_basic, okawaru_altar_gauntlet_db,
          nicolae_shop_i_like_small_books_too, uniq_joseph
D:10:     layout_loops_corners, fiery_altar_vehumet, jmf_multi_god_temple,
          david_orc_2
D:11:     layout_grid_maze, hellmonk_lair_entry_icy
Lair:1:   layout_hall_layers, ebering_ghost_disaster_area, special_room
          [special_room_bee], uniq_sonja, uniq_amaemon
Lair:2:   layout_regular_city, nicolae_spider_entry_tight_spaces,
          serial_bayou_shore_b, serial_bayou_shore_a, lemuel_fruit_tree,
          infiniplex_staircase_pool_2
Lair:3:   gammafunk_indiana_jones, layout_regular_city, elwin_shoals_entry_rooms

Skill      XL: |  1  2  3  4  5  6  7  8  9 10 11 12 |
---------------+-------------------------------------+-----
Unarmed Combat | 3 4 5 6 7 |  7.7
Invocations    | 5 8 10 | 10.0
Fighting       | 5 9 10 | 10.0
Armour         | 3 |  3.2
Shields        | 8 10 | 10.0
Maces & Flails | 7 |  7.1
Dodging        | |  2.4

Action                     |  1- 3 |  4- 6 |  7- 9 | 10-12 || total
---------------------------+-------+-------+-------+-------++-------
  Melee: Unarmed           |    87 |   198 |   291 |   687 ||  1263
         Demon whip        |       |       |       |     5 ||     5
 Invoke: Stomp             |       |       |       |    21 ||    21
  Evoke: Wand              |       |       |     1 |     1 ||     2
    Use: Scroll            |     1 |       |    13 |     9 ||    23
         Potion            |       |     2 |     1 |     3 ||     6
   Stab: Paralysed         |       |       |    18 |    37 ||    55
 Armour: Robe              |    31 |    63 |    77 |       ||   171
         Steam dragon scal |       |       |    43 |    40 ||    83
         Acid dragon scale |       |       |       |   438 ||   438
  Dodge: Dodged            |    25 |    48 |   113 |   407 ||   593
  Block: Kite shield       |    42 |    71 |   102 |   485 ||   700
